[Event "*** MasterClass Titled Tuesday Blitz"]
[Site "Chess.com"]
[Date "2017.08.01"]
[Round "8"]
[White "Me_ch_an"]
[Black "MateusViageiro"]
[Result "0-1"]
[WhiteElo "2376"]
[BlackElo "2304"]
[TimeControl "180+2"]
[EndTime "14:49:06 PDT"]
[Termination "MateusViageiro won by resignation"]

1. e4 c5 2. Nf3 d6 3. d4 cxd4 4. Qxd4 Nc6 5. Bb5 Bd7 6. Bxc6 Bxc6 7. Nc3 e6 8. Bd2 Nf6 9. Bg5 Be7 10. O-O-O h6 11.
Bxf6 Bxf6 12. Qxd6 Qxd6 13. Rxd6 Bxc3 14. bxc3 Bxe4 15.
Re1 Bxf3 16. gxf3 Rc8 17. Kb2 Ke7 18. Red1 Rhd8 19. R6d3 g5 20. Kb3 e5 21. c4 Rxd3+ 22. cxd3 Ke6 23. Kc3 Kf5 24. d4 exd4+ 25. Rxd4 Rc7 26.
Re4 b5 27. Kb4 bxc4 28. Rxc4 Rb7+ 29. Kc3 h5 30. a4 h4 31. h3 f6 32. a5 Rb5 33. a6 Rb6 34. Ra4 Ke5 35. Kc4 Rc6+ 36. Kb5 Rc2 37. Re4+ Kd6 38. Re8 Rb2+ 39. Ka5 Rxf2 40.
Ra8 Rxf3 41. Rxa7 Rxh3 42. Rf7 Ke6 43. Rf8 Ra3+ 44. Kb6 h3 45. a7 g4 46. Rh8 Ke5 47.
Rh7 f5 48. Kc5 Rxa7 49. Rxa7 h2 50. Re7+ Kf6 51. Rh7 g3 52. Kd4 g2 0-1

[Event "*** MasterClass Titled Tuesday Blitz"]
[Site "Chess.com"]
[Date "2017.08.01"]
[Round "8"]
[White "Bryakin_Mikhail"]
[Black "Jungle_Jaguar"]
[Result "0-1"]
[WhiteElo "2499"]
[BlackElo "2335"]
[TimeControl "180+2"]
[EndTime "14:49:09 PDT"]
[Termination "Jungle_Jaguar won by resignation"]

1. d4 Nf6 2. Bg5 d5 3. Bxf6 exf6 4. c4 c6 5. Nf3 g6 6. Nc3 dxc4 7.
a4 Be6 8. e4 Bb4 9. Be2 O-O 10.
O-O Bxc3 11. bxc3 Na6 12. Qd2 Nc7 13. Qh6 Re8 14. Rfe1 b5 15. axb5 cxb5 16. d5 Bg4 17. Nd4 Bxe2 18. Rxe2 Qd6 19. Re3 Qf8 20. Qf4 Rec8 21.
Qxf6 Qg7 22. Qd6 Qf8 23. Qf4 a5 24. Nc6 b4 25. h4 b3 26. Ra4 Nb5 27. h5 b2 28. Re1 Nxc3 29. Rxc4 b1=Q 30. Rxb1 Ne2+ 31. Kh2 Nxf4 32. Rb7 Kg7 33. hxg6 hxg6 34. g3 Nh5 35. f4 Nf6 36. Ra4 Qc5 37. Ne5 Qc2+ 38. Kh3 Rc7 39. Rxc7 Qxc7 40. Nc6 Re8 41. Rxa5 Nxe4 42.
Ra7 Qxa7 43. Nxa7 Rd8 44. Nc6 Rxd5 45. Ne5 Rxe5 46. fxe5 Ng5+ 47. Kg4 Ne6 48. Kf3 Kf8 49. Ke4 Ke7 50. Kd5 Ng5 0-1

[Event "*** MasterClass Titled Tuesday Blitz"]
[Site "Chess.com"]
[Date "2017.08.01"]
[Round "8"]
[White "Keaton87"]
[Black "Usurpov"]
[Result "0-1"]
[WhiteElo "2470"]
[BlackElo "2323"]
[TimeControl "180+2"]
[EndTime "14:49:17 PDT"]
[Termination "Usurpov won by resignation"]

1. e4 c5 2. Nf3 e6 3. d4 cxd4 4. Nxd4 Nf6 5. Nc3 Nc6 6. Ndb5 Bb4 7. Nd6+ Ke7 8. Nxc8+ Rxc8 9. Bd3 d5 10. exd5 Nxd5 11.
Bd2 Nxc3 12. bxc3 Bc5 13. O-O Ne5 14. Qe2 Qc7 15. Kh1 Rhd8 16. f4 Nxd3 17. cxd3 Kf8 18. f5 exf5 19. Rxf5 Re8 20. Qf3 Kg8 21. Rf1 f6 22.
Bf4 Qc6 23. Rd5 Bf8 24. c4 Re6 25. h3 Rce8 26. Rf2 Re1+ 27. Kh2 b6 28. Qh5 Qe6 29.
a4 Ra1 30. a5 Qe1 31. Qf3 Qe6 32. axb6 axb6 33. Qg4 Qe1 34. Qf3 Qg1+ 35. Kg3 Qe1 36. Rd7 Ra2 37. Bc7 Re3 0-1

[Event "*** MasterClass Titled Tuesday Blitz"]
[Site "Chess.com"]
[Date "2017.08.01"]
[Round "8"]
[White "Tash_Boy"]
[Black "stepanosinovsky"]
[Result "1-0"]
[WhiteElo "2451"]
[BlackElo "2281"]
[TimeControl "180+2"]
[EndTime "14:49:30 PDT"]
[Termination "Tash_Boy won on time"]

1. e4 e5 2. Nf3 Nc6 3. Bc4 Nf6 4. d3 Be7 5. O-O d5 6. exd5 Nxd5 7. Re1 Bg4 8. c3 O-O 9. Nbd2 Kh8 10. Bb5 Bd6 11.
h3 Bh5 12. Ne4 f5 13. Ng3 Bxf3 14. Qxf3 Nce7 15. Bg5 c6 16. Bc4 Qd7 17. Bxe7 Nxe7 18. Rad1 Rae8 19. a4 Ng6 20. b4 Nf4 21. b5 c5 22. a5 Qd8 23. a6 b6 24. Nh5 Nxh5 25.
Qxh5 Qf6 26. Bd5 Bb8 27. c4 g6 28. Qf3 Re7 29. Re2 Rfe8 30. Rde1 Bd6 31. Bc6 Rf8 32.
Qd5 Bb8 33. f4 e4 34. dxe4 fxe4 35. Rxe4 Rxe4 36. Rxe4 Bxf4 37. Qe6 Qa1+ 38. Re1 Qc3 39. Qe7 Bh6 40. Qe5+ Qxe5 41. Rxe5 Rf7 42. Bd5 Rc7 43.
g4 Bf4 44. Re8+ Kg7 45. Kg2 Bd6 46. g5 h6 47. h4 hxg5 48. hxg5 Bf4 49. Rg8+ Kh7 50.
Ra8 Bxg5 51. Bb7 1-0

[Event "*** MasterClass Titled Tuesday Blitz"]
[Site "Chess.com"]
[Date "2017.08.01"]
[Round "8"]
[White "TigranLPetrosyan"]
[Black "ChessQueen"]
[Result "1-0"]
[WhiteElo "2748"]
[BlackElo "2586"]
[TimeControl "180+2"]
[EndTime "14:49:33 PDT"]
[Termination "TigranLPetrosyan won by resignation"]

1. Nf3 Nf6 2. g3 b6 3. Bg2 Bb7 4. d3 d5 5. Nbd2 Nbd7 6. O-O e5 7. e4 dxe4 8. dxe4 Bc5 9. Qe2 O-O 10. Nh4 Re8 11.
Nc4 Nf8 12. Rd1 Qc8 13. Nf5 g6 14. Nh4 Qg4 15. Bf3 Qe6 16. b3 b5 17. Na5 Ba6 18.
a3 Bd4 19. Ra2 c5 20. Qe1 c4 21. a4 cxb3 22. Nxb3 bxa4 23. Rxa4 Qc6 24. Qa5 Bb5 25. Nxd4 exd4 26. Raxd4 Re5 27. Bf4 Rc5 28. Rd6 Qc8 29. Rd8 Be2 30. Rxc8 Raxc8 31. Qxc5 Rxc5 32. Bxe2 1-0

[Event "*** MasterClass Titled Tuesday Blitz"]
[Site "Chess.com"]
[Date "2017.08.01"]
[Round "8"]
[White "DiamondCrusher22"]
[Black "nihalsarin"]
[Result "0-1"]
[WhiteElo "2057"]
[BlackElo "2596"]
[TimeControl "180+2"]
[EndTime "14:49:33 PDT"]
[Termination "nihalsarin won by checkmate"]

1. e4 e6 2. d4 d5 3. Nd2 c5 4. exd5 Qxd5 5. dxc5 Bxc5 6. Ngf3 Nf6 7. Bc4 Qd7 8. Qe2 O-O 9. O-O b6 10. Nb3 Be7 11. Rd1 Qc7 12. Bg5 Nbd7 13. Nbd4 Nc5 14. Nb5 Qb8 15. Bh4 Ba6 16. Bg3 Qb7 17. Nd6 Bxc4 18. Qxc4 Bxd6 19. Bxd6 Rfc8 20. Qe2 Qe4 21. Qxe4 Ncxe4 22. c3 Nxd6 23. Rxd6 Rd8 24. Rad1 Rxd6 25. Rxd6 Kf8 26. Kf1 Ke7 27. Rd1 Rc8 28. Ke2 Rc5 29.
Rd3 g5 30. Nd4 h5 31. h3 h4 32. Re3 Nd5 33. Rf3 Nf4+ 34. Kf1 e5 35. Nf5+ Ke6 36. Ne3 e4 37. Rxf4 gxf4 38. Nc2 Rd5 39. Nd4+ Rxd4 40. cxd4 Kd5 41. Ke2 Kxd4 42. b4 b5 43. a3 f5 44. Ke1 e3 45. Ke2 exf2 46. Kxf2 Ke4 47. Ke2 f3+ 48. gxf3+ Kf4 49. Kf2 a6 50. Ke2 Kg3 51.
Ke3 Kxh3 52. Kf2 f4 53. Kf1 Kg3 54. Ke2 h3 55. Kd3 h2 56. Kd4 h1=Q 57. Kc5 Qxf3 58. Kb6 Qxa3 59. Ka7 f3 60. Ka8 Qxb4 61. Ka7 f2 62.
Ka8 Qe7 63. Kb8 f1=Q 64. Kc8 Qff8# 0-1

[Event "*** MasterClass Titled Tuesday Blitz"]
[Site "Chess.com"]
[Date "2017.08.01"]
[Round "8"]
[White "Caisachess"]
[Black "Blitzking4444"]
[Result "0-1"]
[WhiteElo "2237"]
[BlackElo "2150"]
[TimeControl "180+2"]
[EndTime "14:49:41 PDT"]
[Termination "Blitzking4444 won by resignation"]

1. e4 e6 2. d4 d5 3. Bd3 c5 4. exd5 exd5 5. Nf3 Nc6 6. O-O Nf6 7.
Re1+ Be6 8. Ng5 Nxd4 9. c3 h6 10. Nxf7 Kxf7 11. cxd4 cxd4 12. Nd2 Bc5 13. Nf3 Re8 14.
b4 Bxb4 15. Bd2 Bc5 16. Qc2 Qd6 17. Bg6+ Kg8 18. Bxe8 Rxe8 19. Rac1 b6 20. Qg6 Bf7 21.
Rxe8+ Bxe8 22. Qf5 Ne4 23. Bf4 Qd7 24. Qxd7 Bxd7 25. Ne5 Bb5 26. Rd1 Nc3 27. Rd2 Ne2+ 28. Rxe2 Bxe2 29. Bd2 Bc4 30. a4 a5 31. Nd7 Kf7 32. Bxa5 Bb3 33. Bxb6 Bxb6 34. Nxb6 d3 35. Nxd5 d2 36. Nc3 Bxa4 37. f3 d1=Q+ 38. Nxd1 Bxd1 39. Kf2 Kf6 40. Ke1 Ba4 41. Kf2 Bc6 42. Ke3 Kf5 43. g4+ Kg5 44. f4+ Kxg4 0-1

[Event "*** MasterClass Titled Tuesday Blitz"]
[Site "Chess.com"]
[Date "2017.08.01"]
[Round "8"]
[White "biostatistician"]
[Black "KyronGriffith"]
[Result "1-0"]
[WhiteElo "2452"]
[BlackElo "2336"]
[TimeControl "180+2"]
[EndTime "14:49:43 PDT"]
[Termination "biostatistician won by resignation"]

1. d4 Nf6 2. Nf3 g6 3. c4 Bg7 4. Nc3 O-O 5. e4 d6 6. Be2 e5 7.
dxe5 dxe5 8. Qxd8 Rxd8 9. Bg5 Re8 10. Nd5 Nxd5 11. cxd5 c6 12. Bc4 a5 13. a4 Na6 14. O-O-O Nc5 15. d6 Bd7 16. Rhe1 Nxa4 17. Be3 b5 18. Bb3 Bf6 19. Kb1 Kg7 20. Rc1 Rab8 21. Ng5 Bxg5 22. Bxg5 Nb6 23. Red1 f6 24. Bd2 a4 25. Ba2 f5 26. f3 fxe4 27. fxe4 Rf8 28. Bg5 Rf2 29. Rf1 Rbf8 30. Rxf2 Rxf2 31. Be3 Rxg2 32. Bxb6 Rxh2 33. Rf1 Kh6 34. Rf7 Bg4 35. d7 Rh1+ 36. Kc2 Bd1+ 37. Kc3 c5 38. d8=Q b4+ 39.
Kc4 Be2+ 40. Kxc5 b3 41. Qe7 Rc1+ 42. Kd6 Rd1+ 43. Kxe5 1-0

[Event "*** MasterClass Titled Tuesday Blitz"]
[Site "Chess.com"]
[Date "2017.08.01"]
[Round "8"]
[White "krzyzan94"]
[Black "pedromartinez91"]
[Result "1-0"]
[WhiteElo "2547"]
[BlackElo "2343"]
[TimeControl "180+2"]
[EndTime "14:49:45 PDT"]
[Termination "krzyzan94 won by checkmate"]

1. Nf3 d5 2. g3 Nc6 3. Bg2 Bg4 4. h3 Bf5 5. d3 e6 6. O-O Nf6 7. Nbd2 h6 8. Qe1 Be7 9. e4 Bh7 10. Qe2 O-O 11. c3 a5 12. e5 Nd7 13. d4 a4 14. Nh2 Na5 15. f4 c5 16. g4 cxd4 17.
cxd4 Qb6 18. Ndf3 f6 19. exf6 Bxf6 20. Kh1 Be4 21. g5 hxg5 22. Nxg5 Bxg2+ 23. Qxg2 Bxg5 24.
Qxg5 Qxd4 25. Nf3 Qe4 26. Bd2 Rf5 27. Qg2 Rh5 28. Rae1 Qh7 29. Ng5 Qf5 30. Bxa5 Rxa5 31. Rxe6 Nf6 32. Re5 Qd3 33. Rfe1 Ra8 34. Re7 Qg6 35. Rxb7 Rc8 36. Rbe7 a3 37. bxa3 Qd3 38. Rxg7+ Kxg7 39. Ne6+ Kf7 40. Qg7+ Ke8 41. Nc7+ Kd8 42. Qe7# 1-0

[Event "*** MasterClass Titled Tuesday Blitz"]
[Site "Chess.com"]
[Date "2017.08.01"]
[Round "8"]
[White "matein28"]
[Black "GM_dmitrij"]
[Result "0-1"]
[WhiteElo "2386"]
[BlackElo "2477"]
[TimeControl "180+2"]
[EndTime "14:49:45 PDT"]
[Termination "GM_dmitrij won by resignation"]

1. d4 Nf6 2. c4 g6 3. Nf3 Bg7 4. g3 O-O 5. Bg2 d6 6. O-O Nc6 7. Nc3 e5 8. h3 Nd7 9. e3 f5 10. b3 e4 11. Nd2 Nb4 12. Ba3 a5 13. Ne2 Nf6 14. Nf4 g5 15. Nh5 Nxh5 16. Qxh5 Nc2 17. Bb2 Nxa1 18. Bxa1 h6 19. Bc3 Qe8 20. Qe2 Bd7 21. a3 Qf7 22. Re1 c6 23. Nf1 d5 24.
c5 h5 25. f4 exf3 26. Bxf3 g4 27. Bg2 gxh3 28. Bxh3 Qg6 29. Bg2 Bf6 30. Qf2 Kh7 31. Rc1 Rg8 32. Be1 Bg5 33. Bh3 h4 34. Kh2 hxg3+ 35.
Qxg3 f4 36. Qf3 Bxh3 37. Qxh3+ Qh6 38. Qxh6+ Bxh6 39. Rc3 fxe3 40. Nxe3 Rae8 41. Bf2 Bxe3 42. Bxe3 Re4 43. Kh3 Reg4 44. Bf2 Rg2 45. Bg3 Re2 46. Rf3 Re6 47. Bh4 Rh6 48. Rf7+ Rg7 49. Rf4 Kg8 50. b4 axb4 51. axb4 Rg1 52. Kh2 Re1 53. Kg2 Re4 54. Rxe4 dxe4 55. Bg3 Kf7 56. Kf2 Ke6 57. Ke3 Rh3 58. Kf4 Rxg3 59. Kxg3 Kd5 60. Kf2 Kxd4 61.
b5 cxb5 0-1

[Event "*** MasterClass Titled Tuesday Blitz"]
[Site "Chess.com"]
[Date "2017.08.01"]
[Round "8"]
[White "Fins0905"]
[Black "Ilja_Semjonovs"]
[Result "0-1"]
[WhiteElo "2410"]
[BlackElo "2420"]
[TimeControl "180+2"]
[EndTime "14:49:46 PDT"]
[Termination "Ilja_Semjonovs won by resignation"]

1. d4 Nf6 2. Nf3 c5 3. d5 e6 4.
Nc3 b5 5. dxe6 fxe6 6. Nxb5 d5 7.
c4 a6 8. Na3 Nc6 9. g3 Be7 10.
Bg2 O-O 11. O-O Bb7 12. e3 Qd7 13. b3 d4 14. exd4 cxd4 15. Re1 Bc5 16. Nc2 d3 17.
Ne3 e5 18. Ng5 Nd4 19. Bd2 h6 20. Nh3 Rad8 21. b4 Bxg2 22. Kxg2 Bxb4 23. Bxb4 Qb7+ 24. f3 Qxb4 25. Nf2 d2 26. Rf1 Qc3 27. Neg4 Nxg4 28. Nxg4 h5 29. Nf2 Nc2 30. Kg1 Ne3 31. Qe2 Nxf1 32. Rxf1 Qxf3 33. Qxf3 Rxf3 34. Rd1 Rc3 35.
Kf1 Rxc4 36. Ke2 Rc2 37. Ne4 Rxa2 38. h4 Ra4 39. Ng5 Ra3 40. Kf2 a5 41. Ke2 a4 0-1

[Event "*** MasterClass Titled Tuesday Blitz"]
[Site "Chess.com"]
[Date "2017.08.01"]
[Round "8"]
[White "AlexanderKing"]
[Black "Sharafiev_Azat"]
[Result "0-1"]
[WhiteElo "2424"]
[BlackElo "2329"]
[TimeControl "180+2"]
[EndTime "14:50:15 PDT"]
[Termination "Sharafiev_Azat won by resignation"]

1. d4 e6 2. c4 b6 3. Nc3 Bb7 4.
e4 Bb4 5. Qc2 Qh4 6. Bd3 f5 7.
Nf3 Bxc3+ 8. Kf1 Qg4 9. h3 Qh5 10. bxc3 fxe4 11. Bxe4 Bxe4 12. Qxe4 Nc6 13. d5 Nf6 14.
Qf4 exd5 15. Qxc7 O-O 16. cxd5 Qxd5 17. Ba3 Rfe8 18. Qd6 Qc4+ 19. Kg1 Qxc3 20. Rc1 Qa5 21. Bb2 Re6 22. Qd1 Qxa2 23. Bxf6 Rxf6 24. Qxd7 Rd8 25. Qc7 Qd5 26. Kh2 Qd6+ 27. Qxd6 Rfxd6 28. Rc4 Nd4 29. Ne5 Re6 30. f4 Ne2 31. Re1 Nd4 32. Re4 Nf5 33.
g4 Nd6 34. Red4 Ree8 35. Rc6 Nf7 36. Rxd8 Nxd8 37. Rc7 a5 38. Rc8 Kf8 39. Rb8 Ne6 40.
Rxb6 Nxf4 41. Nf3 Ra8 42. Kg3 Nd5 43. Rd6 Nf6 44. Rd2 Ne4+ 0-1

[Event "*** MasterClass Titled Tuesday Blitz"]
[Site "Chess.com"]
[Date "2017.08.01"]
[Round "8"]
[White "El-Ajedrecista"]
[Black "pawnwonder"]
[Result "1/2-1/2"]
[WhiteElo "1824"]
[BlackElo "1866"]
[TimeControl "180+2"]
[EndTime "14:50:17 PDT"]
[Termination "Game drawn by agreement"]

1. d4 Nf6 2. c4 g6 3. Nc3 Bg7 4. e4 d6 5. f3 O-O 6. Be3 c5 7. dxc5 dxc5 8. Qxd8 Rxd8 9. Bxc5 Nc6 10. Nge2 Nd7 11.
Bf2 Nde5 12. Nf4 g5 13. Nfd5 e6 14. Nc7 Rb8 15. N7b5 b6 16. Be2 Nb4 17. Rd1 Nc2+ 18. Kf1 Rxd1+ 19. Bxd1 Nb4 20. Nxa7 Nxc4 21. Ncb5 Ba6 22.
b3 Na5 23. Be2 Rd8 24. Be3 Rb8 25. Kf2 h6 26. h4 gxh4 27. Rxh4 Nbc6 28. Bxh6 Nxa7 29.
Nxa7 Bd4+ 30. Be3 Bxe3+ 31. Kxe3 Bxe2 32. Kxe2 Ra8 33. Nb5 Nc6 34. a4 Na5 35. Rh1 Nxb3 36. Rb1 Nc5 37. Nc3 Nxa4 38. Nxa4 Rxa4 39. Rxb6 Ra2+ 40.
Kf1 Kg7 41. Rb1 Kf6 42. Re1 Kg6 43. Re2 Ra8 44. Kf2 Ra1 45. Kg3 Rg1 46. Ra2 Rc1 47.
Kf4 Rc3 48. g4 e5+ 49. Kg3 Rc1 50. Ra6+ f6 51. Ra8 Rg1+ 52. Kf2 Rb1 53. Rg8+ Kf7 54. Ra8 Rb2+ 55. Kg3 1/2-1/2

[Event "*** MasterClass Titled Tuesday Blitz"]
[Site "Chess.com"]
[Date "2017.08.01"]
[Round "8"]
[White "1lec"]
[Black "beastfromweast"]
[Result "1-0"]
[WhiteElo "2067"]
[BlackElo "2274"]
[TimeControl "180+2"]
[EndTime "14:50:18 PDT"]
[Termination "1lec won by resignation"]

1. e4 c5 2. Nf3 d6 3. d4 cxd4 4.
Nxd4 Nf6 5. Nc3 a6 6. Be3 e6 7. f3 Be7 8. Qd2 b5 9. a3 Bb7 10. g4 Nfd7 11. g5 Nb6 12. b3 N8d7 13. h4 Rc8 14. h5 Qc7 15. Nde2 Ne5 16. Bg2 d5 17. f4 Ng4 18. Bd4 Bc5 19. e5 Bxd4 20. Qxd4 Qc5 21. Kd2 f6 22. gxf6 gxf6 23. exf6 Kf7 24. Rh4 Nxf6 25.
Rf1 Rhg8 26. Bh1 Qxd4+ 27. Nxd4 Rg4 28. Rxg4 Nxg4 29. Bf3 Nf6 30. Bg2 Rg8 31. Bh3 Bc8 32. Nc6 Nxh5 33. Ne5+ Ke8 34. Ne2 Rf8 35. Bg2 Nd7 36.
Ke3 Nxf4 37. Nxf4 Nxe5 38. Bh3 Ng6 39. Nxg6 Rxf1 40. Bxf1 hxg6 41. Kd4 Kd7 42. Ke5 Ke7 43. Bd3 g5 44. Be2 Bd7 45. Bg4 a5 46. b4 Kf7 47.
bxa5 Bc6 48. c3 Ke7 49. Bxe6 Bd7 50. Bxd5 Kd8 51. a6 1-0

[Event "*** MasterClass Titled Tuesday Blitz"]
[Site "Chess.com"]
[Date "2017.08.01"]
[Round "8"]
[White "Cryptochess"]
[Black "lukas_111111"]
[Result "1-0"]
[WhiteElo "2487"]
[BlackElo "2409"]
[TimeControl "180+2"]
[EndTime "14:50:19 PDT"]
[Termination "Cryptochess won by resignation"]

1. e4 c5 2. Nc3 d6 3. g3 Nc6 4. Bg2 g6 5. d3 Bg7 6. Be3 Rb8 7. Qd2 b5 8. Nge2 b4 9. Nd1 h5 10. O-O h4 11. Bg5 hxg3 12. hxg3 Nf6 13. Ne3 Nh7 14. Bh4 g5 15. Nf5 Bxf5 16. exf5 gxh4 17. Bxc6+ Kf8 18. Nf4 Nf6 19. Rae1 Bh6 20. Kg2 Nh5 21. Kf3 d5 22. Qe2 Bxf4 23. gxf4 Qd6 24. Qe5 Nf6 25.
Rh1 Rb6 26. Ba4 c4 27. d4 Ra6 28. b3 c3 29. Rh3 Rh5 30. Reh1 Qxe5 31. dxe5 Rxf5 32.
exf6 Raxf6 33. Rxh4 e5 34. Ke2 Rxf4 35. Rxf4 Rxf4 36.
Bc6 d4 37. Rh5 f6 38. Rh7 a5 39. Ra7 e4 40. Rxa5 f5 41. Bd7 d3+ 42. cxd3 c2 43.
Rc5 exd3+ 44. Kxd3 Rxf2 45. Rxc2 Rf3+ 46. Ke2 1-0

[Event "*** MasterClass Titled Tuesday Blitz"]
[Site "Chess.com"]
[Date "2017.08.01"]
[Round "8"]
[White "olomi007"]
[Black "TryingToGetBetter94"]
[Result "1-0"]
[WhiteElo "2516"]
[BlackElo "2328"]
[TimeControl "180+2"]
[EndTime "14:50:24 PDT"]
[Termination "olomi007 won by resignation"]

1. e4 e5 2. Nf3 Nc6 3. Bb5 f5 4. Nc3 fxe4 5. Nxe4 Nf6 6. Nxf6+ Qxf6 7. Qe2 Be7 8. Bxc6 dxc6 9. Nxe5 O-O 10. O-O Bd6 11.
d4 c5 12. Be3 Be6 13. f4 Rae8 14. Rae1 a6 15. a3 Qf5 16. Qd2 Rd8 17. Qc3 cxd4 18. Bxd4 c5 19. Be3 Rfe8 20. Nd3 b6 21. Bc1 Bd5 22. Rxe8+ Rxe8 23. Re1 Rxe1+ 24. Qxe1 Qg6 25. Qf2 c4 26. Ne1 Qe4 27. Be3 b5 28. c3 a5 29.
Nc2 Qd3 30. h3 Be4 31. Nd4 b4 32. axb4 axb4 33. Qd2 Qb1+ 34. Kf2 b3 35. Nxb3 cxb3 36.
Qxd6 Qxb2+ 37. Bd2 h6 38. Qe6+ Kh8 39. Qe8+ Kh7 40.
Qxe4+ Kg8 41. Qd5+ Kh8 42. Ke3 Qc2 43. Qd8+ Kh7 44. Qd3+ Qxd3+ 45. Kxd3 Kg6 46. g4 h5 47. c4 hxg4 48. hxg4 1-0

[Event "*** MasterClass Titled Tuesday Blitz"]
[Site "Chess.com"]
[Date "2017.08.01"]
[Round "8"]
[White "Jahonas"]
[Black "gui_borba"]
[Result "1-0"]
[WhiteElo "2198"]
[BlackElo "2119"]
[TimeControl "180+2"]
[EndTime "14:50:38 PDT"]
[Termination "Jahonas won by resignation"]

1. d4 Nf6 2. c4 g6 3. g3 Bg7 4.
Bg2 O-O 5. Nf3 d6 6. O-O c6 7. b3 Qa5 8. Bb2 Qh5 9. Nbd2 Bh3 10.
Re1 Nbd7 11. Nf1 Ne4 12. Qd3 Bf5 13. Qd1 Bh3 14. Qd3 Bf5 15. Qd1 Bh3 16. Ne3 Bxg2 17. Kxg2 Ng5 18. Nxg5 Qxg5 19. h4 Qa5 20. Qd3 Rad8 21.
Bc3 Qc7 22. h5 e5 23. Rad1 f5 24. hxg6 hxg6 25. dxe5 Nxe5 26. Bxe5 dxe5 27. Qc2 Bh6 28. Nf1 Qe7 29. Rxd8 Rxd8 30. Rd1 e4 31. Rxd8+ Qxd8 32. e3 g5 33. g4 Qd7 34. gxf5 Qxf5 35. Ng3 Qf3+ 36.
Kf1 Bg7 37. Qxe4 Qf6 38. Qe8+ Kh7 39. Nh5 Qa1+ 40. Kg2 Qxa2 41. Qf7 Qb2 42. Qxb7 Qe5 43. Qxg7+ Qxg7 44. Nxg7 Kxg7 45. Kf3 Kf6 46. Ke4 a5 47. f3 Ke6 48. Kd4 Kd6 49. c5+ Ke6 50. Ke4 Kf6 51.
f4 g4 52. Kd3 Kf5 53. Ke2 Ke4 54. Kf2 Kd5 55. Kg3 Kxc5 56. Kxg4 Kd6 57. Kf3 c5 58. Ke2 Kd5 59. Kd3 1-0

[Event "*** MasterClass Titled Tuesday Blitz"]
[Site "Chess.com"]
[Date "2017.08.01"]
[Round "8"]
[White "ehrenfeld"]
[Black "IvaVidenova"]
[Result "1-0"]
[WhiteElo "2420"]
[BlackElo "2437"]
[TimeControl "180+2"]
[EndTime "14:50:40 PDT"]
[Termination "ehrenfeld won by resignation"]

1. e4 c5 2. Nf3 d6 3. Bc4 Nf6 4. d3 Nc6 5. c3 g6 6. Bb3 Bg7 7. O-O O-O 8. Re1 Rb8 9. h3 b5 10. d4 b4 11. e5 dxe5 12. dxe5 Qxd1 13. Rxd1 Ne8 14. Bf4 Be6 15. Nbd2 Nc7 16. Bxe6 Nxe6 17. Bg3 bxc3 18. bxc3 Rfd8 19. Nc4 Kf8 20. Kf1 Ke8 21. Ke2 Bh6 22. Rab1 Bf4 23. Rxd8+ Kxd8 24. Rxb8+ Nxb8 25. Kd3 Bxg3 26. fxg3 Kd7 27. Ke4 Kc6 28. Ne3 Na6 29. Nd5 Kd7 30. Nf4 h6 31. Nd5 c4 32. Ne3 Nac5+ 33.
Kd5 Na4 34. Kxc4 Kc6 35. Nd4+ Nxd4 36. cxd4 e6 37. d5+ exd5+ 38. Nxd5 Nb2+ 39. Kd4 Nd1 40. Nf4 Nb2 41. e6 fxe6 42. Nxg6 Kd6 43. Ne5 Na4 44. Nc4+ Ke7 45. g4 Kf6 46. h4 Nb6 47. Nxb6 axb6 48. Ke4 Ke7 49. Ke5 Kf7 50. g5 hxg5 51. hxg5 Kg6 52. Kxe6 Kxg5 53. Kd6 Kg4 54. Kc6 Kg3 55. Kxb6 Kxg2 56. a4 1-0

[Event "*** MasterClass Titled Tuesday Blitz"]
[Site "Chess.com"]
[Date "2017.08.01"]
[Round "8"]
[White "evgenysharapov"]
[Black "Lord_Neezy"]
[Result "1-0"]
[WhiteElo "2265"]
[BlackElo "2176"]
[TimeControl "180+2"]
[EndTime "14:50:44 PDT"]
[Termination "evgenysharapov won by resignation"]

1. e4 e6 2. d4 d5 3. Nc3 Bb4 4. e5 c5 5. a3 Bxc3+ 6. bxc3 Qa5 7. Bd2 Qa4 8. Qb1 c4 9. Nh3 Nc6 10. Nf4 Bd7 11. Nh5 g6 12. Nf4 O-O-O 13. g3 f6 14.
exf6 Nxf6 15. Bg2 g5 16. Ne2 Rdg8 17. O-O h5 18. h3 Qa5 19. a4 Qc7 20. a5 Nxa5 21. Qc1 Nh7 22. Be3 Nc6 23. Qa3 Be8 24. Rfb1 Bg6 25. Rb2 Bf5 26. Nc1 Nf6 27. Na2 Be4 28.
Nb4 Nxb4 29. Rxb4 b6 30. Qxa7 Qxa7 31. Rxa7 Bxg2 32. Kxg2 Nd7 33. Rba4 h4 34. g4 Rg6 35.
Ra8+ Nb8 36. R4a7 Rhg8 37. Re7 R8g7 38. Re8+ Kc7 39. Raxb8 Kc6 40. Rec8+ Kb5 41. Re8 Ra7 42. Rg8 Rxg8 43. Rxg8 Ra2 44. Bxg5 Rxc2 45. Bf4 Rxc3 46. g5 Rd3 47. g6 Rxd4 48. Be3 Re4 49. g7 d4 50. Rd8 dxe3 51. fxe3 Rxe3 52. g8=Q Rg3+ 53. Qxg3 hxg3 54. h4 c3 55. Rc8 Kb4 56. h5 1-0

[Event "*** MasterClass Titled Tuesday Blitz"]
[Site "Chess.com"]
[Date "2017.08.01"]
[Round "8"]
[White "Saitama_Hero"]
[Black "Bad4life"]
[Result "0-1"]
[WhiteElo "2222"]
[BlackElo "2175"]
[TimeControl "180+2"]
[EndTime "14:50:46 PDT"]
[Termination "Bad4life won on time"]

1. d4 Nf6 2. c4 d6 3. Nc3 g6 4. e4 Bg7 5. Nf3 O-O 6. Be2 e5 7. O-O Nc6 8. d5 Ne7 9. b4 a5 10. bxa5 c5 11. dxc6 Nxc6 12. Be3 Rxa5 13. Nd5 Nxd5 14. cxd5 Ne7 15. Qb3 Qd7 16. Rfc1 Qa4 17.
Qb6 Re8 18. Bd2 Qxe4 19. Bxa5 Qxe2 20. Qxd6 Nf5 21. Qc5 e4 22. Re1 Qb2 23. Rad1 Qxa2 24. d6 Bd7 25. Bc3 exf3 26. Rxe8+ Bxe8 27. Bxg7 Qe2 28. Qd5 Bc6 29. Qd2 Kxg7 30. d7 Bxd7 31. Qxd7 fxg2 32.
Qd3 Qh5 33. Qc3+ Kh6 34. Qd2+ Kg7 35. Qb2+ Kh6 36. Qd2+ Kg7 37. Qd5 Qg4 38. Qe5+ Kh6 39. Re1 Nh4 40. Qe3+ Kg7 41. Qc3+ Kh6 42. Qe3+ g5 43.
Qb6+ Kg7 44. Qd4+ Qxd4 0-1

[Event "*** MasterClass Titled Tuesday Blitz"]
[Site "Chess.com"]
[Date "2017.08.01"]
[Round "8"]
[White "Rodalquilar"]
[Black "IMcoach"]
[Result "1-0"]
[WhiteElo "2552"]
[BlackElo "2351"]
[TimeControl "180+2"]
[EndTime "14:50:54 PDT"]
[Termination "Rodalquilar won by checkmate"]

1. d4 Nf6 2. Bf4 g6 3. e3 Bg7 4. Nf3 O-O 5. Be2 d6 6. O-O Nbd7 7. h3 b6 8. a4 a5 9. Nbd2 Bb7 10. c3 Qe8 11. Bh2 e5 12. Nc4 e4 13. Nfd2 Qe6 14.
Na3 h5 15. Nb5 Rac8 16. Na7 Ra8 17. Nb5 Rac8 18. Bc4 Qe7 19. Na7 Ra8 20. Nb5 Rac8 21. Qb3 g5 22. Na7 Ra8 23. Nb5 Rac8 24. Qa3 h4 25.
Na7 Ra8 26. Nb5 Rac8 27. Be2 Qe6 28. Qa2 Qe7 29. Rae1 Rfe8 30. Na7 Ra8 31. Nb5 Rac8 32. f3 exf3 33. Bxf3 Bxf3 34. Rxf3 g4 35. hxg4 Nxg4 36. Bf4 Ndf6 37. e4 Nh5 38. e5 dxe5 39. Na7 Qd7 40. Nxc8 exf4 41. Rxe8+ Qxe8 42. Na7 Ng3 43. Qb1 Qe2 44.
Nf1 Bh6 45. Nc6 Ne3 46. Nxe3 fxe3 47. Ne7+ Kf8 48. Nf5 Nxf5 49. Qxf5 Qe1+ 50. Rf1 Qg3 51.
Qxf7# 1-0

[Event "*** MasterClass Titled Tuesday Blitz"]
[Site "Chess.com"]
[Date "2017.08.01"]
[Round "8"]
[White "Muracle"]
[Black "livestrong04"]
[Result "1-0"]
[WhiteElo "2429"]
[BlackElo "2347"]
[TimeControl "180+2"]
[EndTime "14:50:56 PDT"]
[Termination "Muracle won by checkmate"]

1. Nf3 Nf6 2. g3 d5 3. Bg2 c6 4. O-O Bf5 5. d3 e6 6. Nbd2 h6 7. b3 Be7 8. Bb2 O-O 9. c4 Nbd7 10. a3 a5 11. Ra2 Qc7 12. Qa1 Rfc8 13. Ne5 Ne8 14.
Ndf3 Nc5 15. Nd2 a4 16. b4 Nb3 17. Qd1 Bf6 18. Nef3 dxc4 19. Nxc4 Rd8 20. Bxf6 Nxf6 21. Rc2 Nd4 22. Nxd4 Rxd4 23. Na5 Rad8 24. Rc1 Be4 25. Bxe4 Nxe4 26. Qxa4 Ng5 27. Qc2 Qe5 28. Nc4 Qf5 29.
f4 Nh3+ 30. Kg2 f6 31. e4 Qg6 32. Kxh3 Rxd3 33. Qe2 b5 34. Na5 Rd2 35. Qf3 R8d3 36. f5 Qe8 37. Qg4 exf5 38. exf5 Rd4 39. Qg6 Qe2 40. Rf2 Qe4 41. Rxc6 Rd8 42. Rc7 R2d7 43. Rxd7 Rxd7 44. Qg4 Qe1 45. Qf3 h5 46. Re2 Qd1 47.
Re8+ Kf7 48. Qxd1 Rxd1 49. Rb8 g5 50. fxg6+ Kxg6 51. Rxb5 f5 52. Nc4 Rc1 53. Ne5+ Kg5 54. Rb6 Re1 55. Rg6# 1-0